 Dungeon Crawl Stone Soup version 0.29.1-13-g9f3cf754e1 (webtiles) character file.

Game seed: 2552380114580723072

13017 shadowmeld the Thaumaturge (level 12, -2/112 HPs)
             Began as a Djinni Transmuter on Jan 30, 2023.
             Was a Priest of Ashenzari.
             Slain by an orc knight
             ... wielding a +0 battleaxe of draining
              (22 damage)
             ... on level 2 of the Orcish Mines.
             The game lasted 01:13:08 (17794 turns).

shadowmeld the Thaumaturge (Djinni Transmuter)     Turns: 17794, Time: 01:13:10

Health: -2/112     AC: 18    Str:  9    XL:     12   Next: 27%
Gold:   831        EV: 12    Int: 21    God:    Ashenzari [***...] SH:  0 Dex: 13

rFire   x . .      SeeInvis +     - Unarmed
rCold   + + +      Faith    .   (shield currently unavailable)
rNeg    . . .      Spirit   .   (body armour currently unavailable)
rPois   ∞          Reflect  .   (helmet currently unavailable)
rElec   .          Harm     .   (cloak currently unavailable)
rCorr   .          Rampage  .   (gloves currently unavailable)
Will    +....      Clarity  +   (boots unavailable)
Stlth   +.........              (no amulet)
HPRegen 0.28/turn               b - ring of the Tethered Stars {SInv, Evo, Self} (curse)
MPRegen 0.00/turn               H - ring of the Clairvoyant Sky {AC+4, Melee, Cun} (curse)

@: ice-form, flying
A: freezing attack, flying, boosted hp, sickness immunity, large, (fire
resistance 2), (cold vulnerability 1), float, innate caster, HP casting, extra
vitality 1, robust 1, wild magic 1
a: End Transformation, Renounce Religion, Shatter the Chains


You were on level 2 of the Orcish Mines.
You worshipped Ashenzari.
Ashenzari was most pleased with you.
You were a creature of crystalline ice.
You visited 3 branches of the dungeon, and saw 13 of its levels.

You collected 880 gold pieces.
You spent 49 gold pieces at shops.

Inventory:

Missiles
 a - 27 poisoned darts
 q - 2 throwing nets
 u - 3 curare-tipped darts
 w - 9 atropa-tipped darts
 O - 3 silver boomerangs
Armour
 h - +0 acid dragon scales
 z - a +0 plate armour
 C - the cursed +0 helmet of Supernal Wisdom (melded) {Melee, Evo}
   (You bought it in a shop on level 5 of the Dungeon)

   It has a curse which improves the following skills: Melee Combat: Short
   Blades, Long Blades, Axes, Maces & Flails, Polearms, Staves and Unarmed
   Combat.
   Evocations: Evocations.
 G - the cursed +0 steam dragon scales of Ashenzari's Apathy (melded) {Range, Melee}
   (You found it on level 6 of the Dungeon)

   It has a curse which improves the following skills: Ranged Combat: Ranged
   Weapons and Throwing.
   Melee Combat: Short Blades, Long Blades, Axes, Maces & Flails, Polearms,
   Staves and Unarmed Combat.
 N - a +2 robe of fire resistance
Jewellery
 b - the cursed ring of the Tethered Stars (left front paw) {SInv, Evo, Self}
   (You found it on level 2 of the Dungeon)

   [ring of see invisible]

   SInv:      It lets you see invisible.
   It has a curse which improves the following skills: Evocations: Evocations.
   Introspection: Fighting and Spellcasting.
 H - the cursed ring of the Clairvoyant Sky (right front paw) {AC+4, Melee, Cun}
   (You found it on level 8 of the Dungeon)

   [ring of protection]

   AC:        It affects your AC (+4).
   It has a curse which improves the following skills: Melee Combat: Short
   Blades, Long Blades, Axes, Maces & Flails, Polearms, Staves and Unarmed
   Combat.
   Cunning:   Dodging and Stealth.
Wands
 f - a wand of quicksilver (10) (quivered)
 k - a wand of mindburst (12)
 r - a wand of iceblast (25)
 A - a wand of paralysis (20)
 D - a wand of flame (19)
 I - a wand of digging (3)
Scrolls
 c - a scroll of noise
 e - 3 scrolls of immolation
 g - 5 scrolls of teleportation
 j - 2 scrolls of poison
 l - a scroll of magic mapping
 m - a scroll of blinking
 n - 3 scrolls of enchant weapon
 o - a scroll of brand weapon
 p - a scroll of summoning
 x - 2 scrolls of fear
 y - a scroll of identify
 K - a scroll of enchant armour
 L - 2 scrolls of vulnerability
Potions
 d - 2 potions of haste
 i - 5 potions of curing
 s - 2 potions of brilliance
 t - a potion of cancellation
 B - a potion of degeneration
 E - 4 potions of lignification
 F - a potion of resistance
 M - 2 potions of attraction


   Skills:
 * Level 6.1(7.8) Fighting
 * Level 4.1 Armour
 * Level 5.3(6.9) Dodging
 * Level 7.3(9.0) Unarmed Combat
 * Level 12.0(13.6) Spellcasting
 + Level 0.5(1.2) Evocations


You had 15 spell levels left.
You knew the following spells:

 Your Spells              Type           Power      Damage    Failure   Level
a - Beastly Appendage     Tmut           100%       N/A       1%          1
b - Wereblood             Tmut           75%        N/A       1%          2
c - Spider Form           Tmut/Pois      75%        N/A       1%          3
d - Ice Form              Ice/Tmut       75%        N/A       1%          4
e - Necrotise             Necr           100%       1d9       1%          1
f - Scorch                Fire           100%       2d10      1%          2
g - Confusing Touch       Hex            75%        N/A       1%          3
h - Dazzling Flash        Conj/Hex       100%       N/A       1%          3
i - Olgreb's Toxic Radia  Pois           75%        N/A       1%          4
Your spell library was empty.

Dungeon Overview and Level Annotations

Branches:
Dungeon (10/15)            Temple (1/1) D:5             Orc (2/2) D:10
   Lair: D:8-11         Elf: Orc:2

Altars:
Ashenzari
Cheibriados
Dithmenos
Elyvilon
Fedhas
Gozag
Hepliaklqana
Makhleb
Nemelex Xobeh
Okawaru
Qazlal
Ru
Trog
Uskayaw
Wu Jian
Xom
Yredelemnul
The Shining One

Shops:
D:5 [   Orc:2 *[


Innate Abilities, Weirdness & Mutations

You are a creature of crystalline ice.
You have a powerful freezing melee attack.
You are flying.
Your maximum health is increased.
Your armour is entirely melded.
You are incapable of wielding weapons or throwing items.
You are immune to sickness and miasma.
You are immune to poison.
((Your flesh is very heat resistant. (rF++)))
((You are vulnerable to cold. (rC-)))
You float through the air rather than walking.
You learn spells naturally, not from books.
Your magical power is your life essence.
You have superior vitality. (+4 MHP)
You are robust. (+10% HP)
Your spells are a little harder to cast, but a little more powerful.


Message History

Flames lash the orc knight.
The orc knight is moderately wounded.
The orc knight's fire resistance burns away.
The troll bites you but does no damage. The troll claws you but does no damage.
The troll claws you.
Casting: Scorch (safe; 1% risk of failure)
Confirm with . or Enter, or press ? or * to list all spells.
Flames lash the troll.
The troll is burned terribly!
You kill the troll!
Your Armour skill increases to level 4!
Casting: Scorch (safe; 1% risk of failure)
Confirm with . or Enter, or press ? or * to list all spells.
Flames lash the orc knight.
The orc knight is burned terribly!
The orc knight is moderately wounded.
The orc knight hits you with a +0 battleaxe of draining!!
Casting: Scorch (safe; 1% risk of failure)
Confirm with . or Enter, or press ? or * to list all spells.
Flames lash the orc knight.
The orc knight is burned terribly!
The orc knight is heavily wounded.
The orc knight hits you with a +0 battleaxe of draining!
Casting: Scorch (safe; 1% risk of failure)
Confirm with . or Enter, or press ? or * to list all spells.
Flames lash the orc knight.
The orc knight is burned terribly!
The orc knight is severely wounded.
The orc knight looks more healthy.
The orc knight hits you with a +0 battleaxe of draining!
* * * LOW HITPOINT WARNING * * *
Casting: Scorch (safe; 1% risk of failure)
Confirm with . or Enter, or press ? or * to list all spells.
Flames lash the orc knight.
The orc knight is burned terribly!
The orc knight is severely wounded.
* * * LOW HITPOINT WARNING * * *
The orc knight barely misses you.
Casting: Scorch (safe; 1% risk of failure)
Confirm with . or Enter, or press ? or * to list all spells.
Flames lash the orc knight.
The orc knight is burned terribly!
The orc knight is almost dead.
* * * LOW HITPOINT WARNING * * *
The orc knight hits you with a +0 battleaxe of draining!!
You die...

.....#.........#...#
#....##.......##...#
.##.###.......##'#####
#####.........##.#..∩#
..##...........#.))..#
.###...........#)#...#
###......###+###.#####
#..).....#,, ,#.#...#
...).....# ,{ #Yo...#
))..)....#, ⌠{ +.#..∩#
....<....#,, #.#####
).)).....# #.....#
........## * #+###.#
##......# *,{,,
#####....# *, _, +
.#.#####.# * , ....##
*.# * *+ *,


You could see an orc knight (combustible).

Vanquished Creatures
  Erica (D:8)
  2 two-headed ogres
  Pikel (D:7)
  An orc knight (Orc:2)
  An orc sorcerer (Orc:2)
  A cyclops (Orc:1)
  Maggie (D:7)
  2 trolls
  3 shadows
  A wraith (D:9)
  13 yaks
  A vampire (D:10)
  3 steam dragons
  A warg (D:10)
  Menkaure (D:5)
  A water moccasin (D:7)
  12 orc warriors
  3 ice beasts
  5 ogres
  4 centaurs
  A phantom (D:6)
  A lemure (D:7)
  4 kobold brigands
  Blork the orc (D:4)
  4 bullfrogs
  4 scorpions
  5 wights (D:9)
  16 killer bees
  2 electric eels
  A howler monkey (D:9)
  13 orc priests
  Crazy Yiuf (D:7)
  A gnoll bouda (D:7)
  2 hounds
  2 iguanas (D:7)
  Jessica (D:2)
  20 orc wizards
  9 adders
  3 gnolls (D:7)
  A shadow imp (D:8)
  3 white imps
  2 dart slugs
  90 orcs
  2 endoplasms
  A giant cockroach (D:1)
  9 goblins
  7 hobgoblins
  5 jackals
  2 quokkas
  6 ball pythons
  6 bats
  26 kobolds
  3 rats
312 creatures vanquished.

Vanquished Creatures (others)
  9 plants (D:6)
9 creatures vanquished.

Grand Total: 321 creatures vanquished

Notes
Turn   | Place    | Note
-------+----------+-------------------------------------------
     0 | D:1      | shadowmeld the Djinni Transmuter began the quest for the
                  | Orb.
     0 | D:1      | shadowmeld set off with the following spells memorised:
                  | Beastly Appendage, Wereblood, Spider Form, Ice Form.
     0 | D:1      | Reached XP level 1. HP: 17/17 MP: 0/0
   612 | D:1      | Reached XP level 2. HP: 12/22 MP: 0/0
  1258 | D:1      | Reached XP level 3. HP: 13/27 MP: 0/0
  1258 | D:1      | Learned a level 1 spell: Necrotise
  1555 | D:1      | Found a faded altar of an unknown god.
  1960 | D:2      | Reached skill level 2 in Spellcasting
  2390 | D:2      | Found a white marble altar of Elyvilon.
  2398 | D:2      | Became a worshipper of Elyvilon the Healer
  2641 | D:2      | Fell from the grace of Elyvilon
  2661 | D:2      | Reached XP level 4. HP: 6/32 MP: 0/0
  3158 | D:2      | Noticed Jessica
  3165 | D:2      | Killed Jessica
  3496 | D:3      | Reached XP level 5. HP: 31/38 MP: 0/0
  3496 | D:3      | Learned a level 2 spell: Scorch
  3652 | D:3      | Reached skill level 3 in Spellcasting
  3977 | D:3      | Found a basalt altar of Yredelemnul.
  4033 | D:3      | Found a blossoming altar of Fedhas.
  4687 | D:4      | Noticed Blork the orc
  4696 | D:4      | Killed Blork the orc
  4697 | D:4      | Reached XP level 6. HP: 20/43 MP: 0/0
  5076 | D:4      | Noticed an ogre
  5086 | D:4      | Killed an ogre
  5087 | D:4      | Reached skill level 4 in Spellcasting
  5601 | D:4      | Reached XP level 7. HP: 29/49 MP: 0/0
  5601 | D:4      | Learned a level 3 spell: Confusing Touch
  6302 | D:5      | Entered Level 5 of the Dungeon
  6318 | D:5      | Found a staircase to the Ecumenical Temple.
  6327 | Temple   | Entered the Ecumenical Temple
  6478 | D:5      | Noticed Menkaure
  6489 | D:5      | Killed Menkaure
  6490 | D:5      | Reached skill level 1 in Armour
  6761 | D:5      | Reached skill level 5 in Spellcasting
  6845 | D:5      | Reached XP level 8. HP: 49/55 MP: 0/0
  6945 | D:5      | Found Kaguipp's Armour Shop.
  6950 | D:5      | Bought a +0 helmet for 49 gold pieces
  7489 | D:6      | Reached skill level 5 in Unarmed Combat
  8079 | D:6      | Reached skill level 6 in Spellcasting
  8749 | D:6      | Reached XP level 9. HP: 50/61 MP: 0/0
  8749 | D:6      | Learned a level 3 spell: Dazzling Flash
  8946 | D:6      | Gained mutation: You have hidden genetic defects. [potion
                  | of mutation]
  8956 | D:7      | Found a sacrificial altar of Ru.
  8956 | D:7      | Noticed Pikel
  8978 | D:7      | Killed Pikel
  8979 | D:7      | Reached skill level 7 in Spellcasting
  8986 | D:7      | Gained mutation: Armour fits poorly on your strangely
                  | shaped body. [hidden defects]
  9481 | D:7      | Found a runed translucent door.
  9482 | D:7      | Noticed Crazy Yiuf
  9488 | D:7      | Killed Crazy Yiuf
  9565 | D:7      | Noticed Maggie
  9572 | D:7      | Killed Maggie
  9581 | D:7      | Gained mutation: You are frail. (-10% HP) [hidden defects]
  9581 | D:7      | Lost mutation: You have hidden genetic defects. [hidden
                  | defects expressed]
  9686 | D:7      | Reached skill level 8 in Spellcasting
  9996 | D:7      | Lost mutation: You are frail. (-10% HP) [potion of
                  | mutation]
  9996 | D:7      | Lost mutation: Armour fits poorly on your strangely shaped
                  | body. [potion of mutation]
  9996 | D:7      | Gained mutation: Your spells are a little harder to cast,
                  | but a little more powerful. [potion of mutation]
  9996 | D:7      | Gained mutation: You are robust. (+10% HP) [potion of
                  | mutation]
 10228 | D:7      | Reached XP level 10. HP: 74/74 MP: 0/0
 10518 | D:8      | Found a shadowy altar of Dithmenos.
 10787 | D:8      | Noticed Erica
 10802 | D:8      | Killed Erica
 10803 | D:8      | Reached skill level 9 in Spellcasting
 11077 | D:8      | Found a broken altar of Ashenzari.
 11082 | D:8      | Became a worshipper of Ashenzari the Shackled
 12057 | D:9      | Identified the +11 hand axe of Spite {freeze, *Noise Fly
                  | Dex+4}
 12491 | D:9      | Found a hide-covered altar of Uskayaw.
 12777 | D:9      | Found a glowing golden altar of the Shining One.
 12857 | D:9      | Reached skill level 10 in Spellcasting
 12861 | D:9      | Reached skill level 5 in Fighting
 12864 | D:9      | Reached XP level 11. HP: 38/82 MP: 0/0
 12864 | D:9      | Learned a level 4 spell: Olgreb's Toxic Radiance
 13142 | D:9      | Reached * piety under Ashenzari
 13227 | D:9      | Identified the cursed +0 steam dragon scales of Ashenzari's
                  | Apathy {Range, Melee} (You found it on level 6 of the
                  | Dungeon)
 13803 | D:10     | Entered Level 10 of the Dungeon
 14400 | D:10     | Reached skill level 11 in Spellcasting
 14774 | D:10     | Reached ** piety under Ashenzari
 14882 | D:10     | Found a staircase to the Orcish Mines.
 15315 | Orc:1    | Entered Level 1 of the Orcish Mines
 16135 | Orc:1    | Noticed a cyclops
 16165 | Orc:1    | HP: 3/99 [cyclops (10)]
 16168 | Orc:1    | Killed a cyclops
 16169 | Orc:1    | Reached skill level 5 in Dodging
 16691 | Orc:2    | Entered Level 2 of the Orcish Mines
 16695 | Orc:2    | Noticed a two-headed ogre
 16705 | Orc:2    | Killed a two-headed ogre
 16706 | Orc:2    | Reached XP level 12. HP: 50/90 MP: 0/0
 16793 | Orc:2    | Noticed a two-headed ogre
 16924 | Orc:1    | Killed a two-headed ogre
 17332 | Orc:2    | Reached *** piety under Ashenzari
 17432 | Orc:2    | Found Emetteekhloo's General Store.
 17436 | Orc:2    | Paralysed by an orc sorcerer for 2 turns
 17444 | Orc:2    | Reached skill level 12 in Spellcasting
 17783 | Orc:2    | Found Wyffelay's Antique Armour Boutique.
 17794 | Orc:2    | Slain by an orc knight

Illustrated notes

Levels and vault maps discovered:
D:1:      kilobyte_arrival_exit_the_forest, layout_basic,
          ebering_ecumenical_altar_webs, minmay_quantized
D:2:      layout_basic, basic_altar, serial_bayou_pond_e, kennysheep_donut,
          uniq_jessica
D:3:      layout_rooms, mainiacjoe_overflow_chevrons, lemuel_tele_altar
D:4:      layout_basic, uniq_blork_the_orc
D:5:      layout_loops_ring, minmay_temple_entry_waves, serial_shops,
          nicolae_shop_hallway_plus, uniq_menkaure
D:6:      layout_gridville, serial_bayou, serial_bayou_lagoon_a,
          serial_bayou_shore_b, serial_bayou_pond_a, serial_bayou_pond_c,
          dk_rats_in_the_wall
D:7:      minmay_spotlight, layout_loops_ring,
          mainiacjoe_overflow_concentric_impassable, nicolae_ru_awakened_eye,
          uniq_pikel, uniq_crazy_yiuf_cottage, uniq_maggie
D:8:      layout_loops_cross, ashenzari_altar_1,
          grunt_dithmenos_smoke_and_mirrors, minmay_circle_x, uniq_erica
D:9:      layout_basic, nicolae_overflow_squiral, mainiacjoe_overflow_24_doors,
          st_stairs_13
D:10:     layout_roguey, hiddenorc1_lemuel
Temple:   nicolae_temple_ecumenical_triangle
Orc:1:    layout_diamond_mine
Orc:2:    pubby_orc_utopia

Skill      XL: |  1  2  3  4  5  6  7  8  9 10 11 12 |
---------------+-------------------------------------+-----
Spellcasting   | 2 3 4 5 6 8 10 11 12 | 12.0
Fighting       | 2 3 4 5 6 |  6.1
Unarmed Combat | 4 5 6 7 |  7.3
Armour         | 1 2 3 4 |  4.1
Dodging        | 3 4 5 |  5.3
Evocations     | |  0.5

Action                   |  1- 3 |  4- 6 |  7- 9 | 10-12 || total
-------------------------+-------+-------+-------+-------++-------
Melee: Unarmed           |    69 |    46 |    23 |     9 ||   147
       Headbutt          |     9 |     3 |       |       ||    12
       Punch             |     2 |     3 |       |       ||     5
 Cast: Beastly Appendage |    10 |     5 |       |       ||    15
       Necrotise         |    33 |    36 |       |       ||    69
       Scorch            |       |    28 |   119 |   308 ||   455
       Spider Form       |       |       |     2 |       ||     2
       Confusing Touch   |       |       |     1 |       ||     1
       Ice Form          |       |       |     5 |    24 ||    29
       Olgreb's Toxic Ra |       |       |       |    17 ||    17
       Dazzling Flash    |       |       |       |     1 ||     1
Invok: Renounce Religion |     1 |       |       |       ||     1
       Curse Item        |       |       |       |     4 ||     4
Evoke: Wand              |       |     2 |     1 |     7 ||    10
  Use: Potion            |     1 |       |     9 |     6 ||    16
       Scroll            |     1 |     7 |     5 |     3 ||    16
Armor: Robe              |    12 |     7 |       |       ||    19
       Skin              |     2 |       |    20 |    73 ||    95
       Ring mail         |       |     6 |     7 |       ||    13
       Steam dragon scal |       |       |     5 |     5 ||    10
Dodge: Dodged            |    59 |    48 |    39 |    94 ||   240
